[Event "Late-Titled-Tuesday-Blitz-June-18-2024"]
[Site "Chess.com"]
[Date "2024.06.18"]
[Round "10"]
[White "Colombiano07"]
[Black "Sic_Transit_GM"]
[Result "0-1"]
[WhiteElo "2341"]
[BlackElo "2539"]
[TimeControl "180+1"]
[EndTime "15:51:55 PDT"]
[Termination "Sic_Transit_GM won by resignation"]

1. d4 d5 2. Nf3 Nf6 3. e3 Bg4 4. h3 Bh5 5. g4 Bg6 6. Ne5 Nbd7 7.
h4 h5 8. Nxg6 fxg6 9. g5 Ne4 10.
f4 e6 11. Nd2 Ng3 12. Rg1 Nf5 13. Nf3 Nxe3 14. Bxe3 Bd6 15. Bd3 O-O 16. Bxg6 Bxf4 17. Qd2 Bd6 18. Bxh5 c5 19. O-O-O Rc8 20. Bg6 Rxf3 21.
h5 Qf8 22. h6 Rxe3 23. hxg7 Kxg7 24. Rdf1 Rf3 25. Bd3 Bf4 0-1

[Event "Late-Titled-Tuesday-Blitz-June-18-2024"]
[Site "Chess.com"]
[Date "2024.06.18"]
[Round "10"]
[White "Legit"]
[Black "tptagain"]
[Result "0-1"]
[WhiteElo "2779"]
[BlackElo "2948"]
[TimeControl "180+1"]
[EndTime "15:51:56 PDT"]
[Termination "tptagain won by resignation"]

1. d4 d5 2. c4 e6 3. Nf3 c6 4. e3 Bd6 5. b3 Nf6 6. Nbd2 Ne4 7. Bd3 f5 8. O-O Nd7 9. Bb2 Qf6 10. Ne1 Qh6 11. g3 O-O 12. Ng2 Ndf6 13. f3 Nxg3 14. hxg3 Bxg3 15. Rf2 Qh2+ 16. Kf1 Bxf2 17. Kxf2 Ng4+ 18.
fxg4 fxg4+ 19. Ke1 Qg3+ 0-1

[Event "Late-Titled-Tuesday-Blitz-June-18-2024"]
[Site "Chess.com"]
[Date "2024.06.18"]
[Round "10"]
[White "ReadySkate"]
[Black "Mikhail_Golubev"]
[Result "1-0"]
[WhiteElo "2784"]
[BlackElo "2673"]
[TimeControl "180+1"]
[EndTime "15:52:27 PDT"]
[Termination "ReadySkate won by resignation"]

1. d4 Nf6 2. c4 d6 3. Nc3 g6 4. e4 Bg7 5. Be2 O-O 6. Bg5 c5 7. d5 h6 8. Be3 e6 9. Qd2 exd5 10. exd5 Kh7 11. h3 Re8 12. Nf3 Bf5 13. O-O Ne4 14.
Nxe4 Bxe4 15. Rae1 Nd7 16. Nh2 Qb6 17. b3 Qb4 18.
Qc1 Ne5 19. Bd2 Qb6 20. Bc3 Bd3 21. Bxe5 Bxe2 22. Bxg7 1-0

[Event "Late-Titled-Tuesday-Blitz-June-18-2024"]
[Site "Chess.com"]
[Date "2024.06.18"]
[Round "10"]
[White "PNEPaul"]
[Black "marszach123"]
[Result "1-0"]
[WhiteElo "1970"]
[BlackElo "1918"]
[TimeControl "180+1"]
[EndTime "15:52:35 PDT"]
[Termination "PNEPaul won by checkmate"]

1. e4 c6 2. d4 d5 3. Nc3 dxe4 4. f3 exf3 5. Nxf3 Nf6 6. Bc4 e6 7. O-O Be7 8. Ne5 Nbd7 9. Qe2 Nxe5 10. dxe5 Nd5 11.
Ne4 Qb6+ 12. Kh1 O-O 13. Bxd5 exd5 14. Nf6+ gxf6 15. exf6 Bd6 16. Qh5 Kh8 17. Bh6 Rg8 18. Bg7+ Rxg7 19. fxg7+ Kxg7 20. Rxf7+ Kh8 21. Qxh7# 1-0

[Event "Late-Titled-Tuesday-Blitz-June-18-2024"]
[Site "Chess.com"]
[Date "2024.06.18"]
[Round "10"]
[White "OverallStranger"]
[Black "evgchess5"]
[Result "0-1"]
[WhiteElo "2437"]
[BlackElo "2929"]
[TimeControl "180+1"]
[EndTime "15:52:41 PDT"]
[Termination "evgchess5 won by resignation"]

1. e4 c5 2. Nc3 e6 3. f4 Nc6 4.
Nf3 a6 5. g3 d5 6. d3 d4 7. Ne2 f5 8. Bg2 Nf6 9. O-O Be7 10. Ne5 O-O 11. exf5 exf5 12. Nxc6 bxc6 13. Bxc6 Ra7 14. Kh1 Bd6 15. Ng1 Re7 16. Bf3 Ng4 17. Bxg4 fxg4 18. Qd2 Bb7+ 19. Nf3 Bxf3+ 20. Kg1 Re2 21.
Rxf3 Rxd2 22. Rf2 Rd1+ 23. Kg2 Qa8+ 0-1

[Event "Late-Titled-Tuesday-Blitz-June-18-2024"]
[Site "Chess.com"]
[Date "2024.06.18"]
[Round "10"]
[White "Nicolik"]
[Black "Matalon"]
[Result "1-0"]
[WhiteElo "2631"]
[BlackElo "2484"]
[TimeControl "180+1"]
[EndTime "15:52:47 PDT"]
[Termination "Nicolik won on time"]

1. d4 Nf6 2. Nc3 c5 3. d5 d6 4. e4 g6 5. Bb5+ Nfd7 6. a4 Bg7 7. Nf3 O-O 8. O-O Na6 9. Bf4 Nc7 10. Re1 b6 11.
Bc6 Rb8 12. e5 dxe5 13. Nxe5 Nxe5 14. Bxe5 Bxe5 15. Rxe5 Qd6 16. Qe2 e6 17. Nb5 Qd8 18. c4 1-0

[Event "Late-Titled-Tuesday-Blitz-June-18-2024"]
[Site "Chess.com"]
[Date "2024.06.18"]
[Round "10"]
[White "GothamChess"]
[Black "ArmanGhevondyanchess"]
[Result "0-1"]
[WhiteElo "2716"]
[BlackElo "2616"]
[TimeControl "180+1"]
[EndTime "15:52:53 PDT"]
[Termination "ArmanGhevondyanchess won by resignation"]

1. e4 c5 2. a3 d5 3. exd5 Qxd5 4. Nf3 Nf6 5. Nc3 Qd8 6. Ne5 e6 7. Bb5+ Nbd7 8. O-O Bd6 9. d4 O-O 10. Nxd7 Bxd7 11. Bg5 cxd4 12. Qxd4 Bxb5 13. Nxb5 Be7 14. Qxd8 Rfxd8 15. Rfd1 a6 16. Nc3 h6 17. Bh4 Rac8 18.
Rxd8+ Rxd8 19. Rd1 Rxd1+ 20. Nxd1 g5 21. Bg3 Ne4 22. Be5 f6 23. Bd4 e5 24. Ba7 Kf7 25.
f3 Bc5+ 26. Bxc5 Nxc5 27. g4 e4 28. Kf2 exf3 29. Kxf3 Kg6 30. Ne3 Ne6 31. Ke4 Nf4 32. c4 h5 33. h4 hxg4 0-1

[Event "Late-Titled-Tuesday-Blitz-June-18-2024"]
[Site "Chess.com"]
[Date "2024.06.18"]
[Round "10"]
[White "aot317"]
[Black "JoakimVonAnd"]
[Result "0-1"]
[WhiteElo "2549"]
[BlackElo "2739"]
[TimeControl "180+1"]
[EndTime "15:52:58 PDT"]
[Termination "JoakimVonAnd won by resignation"]

1. d4 d5 2. c4 e6 3. Nf3 Nf6 4. g3 Be7 5. Bg2 O-O 6. O-O a5 7. Nc3 c6 8. Qc2 dxc4 9. Rd1 b5 10. Ne5 Qb6 11. a4 Bb7 12. b3 cxb3 13. Qxb3 b4 14. Nc4 Qc7 15. Bf4 Qd8 16. Ne4 Nd5 17. Bd6 Nd7 18. Nc5 Nxc5 19. dxc5 Bxd6 20. Nxd6 Ba6 21.
e4 Nc3 22. Rd2 Qg5 23. f4 Qxc5+ 24. Kh1 e5 25. fxe5 Qxe5 26. Nf5 Nxe4 27. Bxe4 Qxe4+ 28. Kg1 Qxf5 0-1

[Event "Late-Titled-Tuesday-Blitz-June-18-2024"]
[Site "Chess.com"]
[Date "2024.06.18"]
[Round "10"]
[White "ATM622"]
[Black "Supergiuly"]
[Result "1-0"]
[WhiteElo "2542"]
[BlackElo "2359"]
[TimeControl "180+1"]
[EndTime "15:52:59 PDT"]
[Termination "ATM622 won by resignation"]

1. d4 Nf6 2. c4 g6 3. g3 Bg7 4. Bg2 c6 5. Nf3 O-O 6. O-O e6 7. Qc2 d5 8. Nbd2 Nbd7 9. b3 c5 10. Bb2 cxd4 11. Bxd4 Re8 12. Bb2 e5 13. cxd5 Nxd5 14.
Nc4 N5b6 15. Nd6 Re6 16. Rfd1 Qe7 17. Ba3 Qd8 18. e4 h5 19. Bh3 Rf6 20. Ng5 Bh6 21. Ngxf7 Rxf7 22. Be6 Qf6 23. Bxf7+ Kg7 24. Ne8+ Kxf7 25.
Nxf6 Nxf6 26. Qc7+ Bd7 27. Qxb7 Kg7 28. Be7 Kf7 29.
Bxf6 Kxf6 30. Rxd7 1-0

[Event "Late-Titled-Tuesday-Blitz-June-18-2024"]
[Site "Chess.com"]
[Date "2024.06.18"]
[Round "10"]
[White "Zurability"]
[Black "vi_pranav"]
[Result "0-1"]
[WhiteElo "2813"]
[BlackElo "3029"]
[TimeControl "180+1"]
[EndTime "15:53:17 PDT"]
[Termination "vi_pranav won by resignation"]

1. e4 e5 2. Nf3 Nc6 3. Bc4 Nf6 4. d3 h6 5. c3 d6 6. Nbd2 g6 7. Nf1 Bg7 8. Bb3 O-O 9. Ng3 Be6 10. Bc2 Re8 11.
O-O d5 12. Qe2 a6 13. h3 Qd7 14.
Nh2 Rad8 15. Qf3 b5 16. Bxh6 Bxh6 17. Qxf6 Bg7 18. Qf3 d4 19. Ne2 dxc3 20. bxc3 b4 21. Ba4 Qd6 22. Rfc1 bxc3 23. Rxc3 Nd4 24. Qe3 Bh6 25.
Nxd4 Bxe3 26. Nxe6 Bxf2+ 27. Kxf2 Rxe6 28. Rac1 0-1

[Event "Late-Titled-Tuesday-Blitz-June-18-2024"]
[Site "Chess.com"]
[Date "2024.06.18"]
[Round "10"]
[White "Roland_Garros_2024"]
[Black "jcmesafischer"]
[Result "0-1"]
[WhiteElo "2208"]
[BlackElo "2358"]
[TimeControl "180+1"]
[EndTime "15:53:20 PDT"]
[Termination "jcmesafischer won by resignation"]

1. e4 c5 2. Nf3 d6 3. d4 cxd4 4. Nxd4 Nf6 5. Nc3 a6 6. Bg5 e6 7. f4 Be7 8. Qf3 Qc7 9. O-O-O Nbd7 10. Bd3 b5 11. Rhe1 Bb7 12. Nd5 exd5 13. Nf5 Kf8 14. exd5 Bd8 15. Qg3 Rg8 16. Nxg7 Rxg7 17. Bh6 Nh5 18. Qe3 Kg8 19. Qe8+ Nf8 20. Bxg7 Kxg7 21. Qe4 Nf6 22. Qf5 h6 23. g4 Bc8 24. Re6 fxe6 25. dxe6 Bxe6 0-1

[Event "Late-Titled-Tuesday-Blitz-June-18-2024"]
[Site "Chess.com"]
[Date "2024.06.18"]
[Round "10"]
[White "GoltsevDmitry2000"]
[Black "Journey_to_GrandMaster_YT"]
[Result "1-0"]
[WhiteElo "2735"]
[BlackElo "2626"]
[TimeControl "180+1"]
[EndTime "15:53:26 PDT"]
[Termination "GoltsevDmitry2000 won by resignation"]

1. e4 d6 2. d4 Nf6 3. Nc3 e5 4. dxe5 dxe5 5. Qxd8+ Kxd8 6. Nf3 Bd6 7. Bc4 Ke7 8. h3 c6 9. a3 b5 10. Bb3 Nbd7 11. Be3 a5 12. O-O-O b4 13. Na4 bxa3 14.
Ng5 Rf8 15. Nxf7 axb2+ 16. Kxb2 Rb8 17. Nxd6 Ba6 18. Nf5+ Kd8 19. Nxg7 Kc8 20. Ne6 Rg8 21. Nec5 Bc4 22. Nxd7 Nxd7 23. Rd6 Rxg2 24. Rxc6+ 1-0

[Event "Late-Titled-Tuesday-Blitz-June-18-2024"]
[Site "Chess.com"]
[Date "2024.06.18"]
[Round "10"]
[White "lamomiajunior"]
[Black "MathiasWomacka"]
[Result "1-0"]
[WhiteElo "2684"]
[BlackElo "2525"]
[TimeControl "180+1"]
[EndTime "15:53:27 PDT"]
[Termination "lamomiajunior won by resignation"]

1. d4 Nf6 2. Nc3 d5 3. Bf4 a6 4. e3 e6 5. g4 Bb4 6. Ne2 O-O 7. a3 Be7 8. g5 Nh5 9. h4 c5 10. Bh2 Nc6 11. Bg2 g6 12. Bf3 Ng7 13. Bf4 Bd6 14. Qd2 e5 15. dxe5 Nxe5 16. Bxd5 Bg4 17. O-O-O Qe7 18. f3 Nxf3 19. Bxf3 Bxf4 20. Nd5 Qe6 21. Nexf4 Qf5 22. Bxg4 1-0

[Event "Late-Titled-Tuesday-Blitz-June-18-2024"]
[Site "Chess.com"]
[Date "2024.06.18"]
[Round "10"]
[White "Bryanl106"]
[Black "Orest_Vovk"]
[Result "1-0"]
[WhiteElo "2750"]
[BlackElo "2574"]
[TimeControl "180+1"]
[EndTime "15:53:32 PDT"]
[Termination "Bryanl106 won by resignation"]

1. e4 g5 2. d4 g4 3. Qxg4 d5 4.
Qd1 dxe4 5. c4 Bg7 6. Ne2 c5 7. d5 e3 8. Bxe3 Bxb2 9. Nd2 Bxa1 10. Qxa1 Nf6 11. Ne4 Qa5+ 12. Bd2 Qb6 13. Nxf6+ exf6 14. Ng3 O-O 15. Be2 Re8 16. O-O Nd7 17. f4 Nf8 18.
Bd3 Rd8 19. Nh5 Rd6 20. Rf3 Ng6 21. f5 Ne5 22. Nxf6+ Rxf6 23. Qxe5 Bd7 24. Bc3 1-0

[Event "Late-Titled-Tuesday-Blitz-June-18-2024"]
[Site "Chess.com"]
[Date "2024.06.18"]
[Round "10"]
[White "BardArtem"]
[Black "Oleksandr_Bortnyk"]
[Result "0-1"]
[WhiteElo "2862"]
[BlackElo "3058"]
[TimeControl "180+1"]
[EndTime "15:53:33 PDT"]
[Termination "Oleksandr_Bortnyk won by resignation"]

1. e4 Nf6 2. Nc3 d5 3. e5 Nfd7 4. d4 c5 5. dxc5 e6 6. f4 Bxc5 7.
Qg4 g6 8. Nf3 h5 9. Qh3 Nc6 10. a3 a6 11. Bd3 b5 12. b4 Ba7 13.
Bd2 Qc7 14. Ng5 Nd4 15. Rc1 Nb6 16. Ne2 Nxe2 17. Bxe2 Nc4 18. Bxc4 Qxc4 19. Qc3 Bb7 20. Qxc4 dxc4 21. Kf1 Rd8 22. Be1 Be3 23. Rb1 Bxf4 24. Bh4 Rd2 0-1

[Event "Late-Titled-Tuesday-Blitz-June-18-2024"]
[Site "Chess.com"]
[Date "2024.06.18"]
[Round "10"]
[White "campochess"]
[Black "JEHUBNER"]
[Result "1-0"]
[WhiteElo "2191"]
[BlackElo "2088"]
[TimeControl "180+1"]
[EndTime "15:53:33 PDT"]
[Termination "campochess won by resignation"]

1. e4 c5 2. b4 e6 3. bxc5 Bxc5 4.
d4 Be7 5. Nf3 d6 6. c4 Nf6 7.
Nc3 b6 8. Bd3 Bb7 9. O-O O-O 10.
Bb2 Nc6 11. Rc1 e5 12. d5 Nb8 13. Ne1 Nbd7 14. f4 Ne8 15. f5 f6 16. Rf3 Nc5 17. Bc2 Nc7 18. Rh3 Qe8 19. Na4 Qf7 20. Nxc5 bxc5 21.
Ba4 Rab8 22. Bd7 Bc8 23. Be6 Bxe6 24. dxe6 Nxe6 25. fxe6 Qxe6 26. Qc2 Rb7 27. Rb3 Rfb8 28. Nd3 Qg4 29. Nf2 Qf4 30. g3 Qg5 31. Rb1 Bd8 32.
Bc1 Rxb3 33. Rxb3 Rxb3 34. Bxg5 Rb6 35. Be3 Be7 36. Qa4 Rb7 37. Qe8+ Bf8 38. Bd2 Rb2 39. Ba5 Rxa2 40. Bd8 1-0

[Event "Late-Titled-Tuesday-Blitz-June-18-2024"]
[Site "Chess.com"]
[Date "2024.06.18"]
[Round "10"]
[White "malakismayil"]
[Black "scrambleyourbrain"]
[Result "1-0"]
[WhiteElo "2547"]
[BlackElo "2393"]
[TimeControl "180+1"]
[EndTime "15:53:35 PDT"]
[Termination "malakismayil won by resignation"]

1. e4 e5 2. Nf3 Nc6 3. Bc4 Bc5 4.
d3 Nf6 5. Nc3 O-O 6. O-O h6 7.
h3 d6 8. Be3 Bb6 9. Qd2 Be6 10.
Bb3 Nd4 11. Bxd4 exd4 12. Ne2 c5 13. Nf4 Bxb3 14. axb3 d5 15. e5 Nd7 16. e6 Nf6 17.
exf7+ Rxf7 18. Ne5 Re7 19. Nfg6 Re8 20. f4 Bc7 21.
Qf2 Qd6 22. Rae1 Nh7 23. g4 Nf8 24. Nh4 Nd7 25. Nf5 Qe6 26. Nf3 Qf6 27. N3h4 Kh7 28.
Qg2 Rxe1 29. Rxe1 Bxf4 30. Qxd5 Nb6 31. Qe4 Bg5 32. Ne7+ Kh8 33. Nhg6+ Kh7 34. Nf8+ 1-0

[Event "Late-Titled-Tuesday-Blitz-June-18-2024"]
[Site "Chess.com"]
[Date "2024.06.18"]
[Round "10"]
[White "stollenmonster"]
[Black "harshu27"]
[Result "1-0"]
[WhiteElo "2875"]
[BlackElo "2560"]
[TimeControl "180+1"]
[EndTime "15:53:41 PDT"]
[Termination "stollenmonster won by resignation"]

1. e4 e5 2. Nc3 Nf6 3. g3 d5 4.
exd5 Nxd5 5. Bg2 Nxc3 6. bxc3 Nc6 7. d3 Bc5 8. Ne2 O-O 9. O-O Re8 10. h3 Bf5 11. g4 Bg6 12. Ng3 Qd7 13. Kh2 Rad8 14. f4 exf4 15. Bxf4 Bd6 16. Qd2 Ne5 17. Rae1 h6 18. Ne4 Bf8 19. Qf2 Qe6 20. c4 Nxc4 21. Ng3 Qb6 22. Rxe8 Rxe8 23. dxc4 Qxf2 24. Rxf2 Bc5 25. Rd2 Bb4 26. Rd7 Bxc2 27. Rxc7 Bb1 28. Rxb7 a5 29. a3 Bxa3 30. Rxb1 1-0

[Event "Late-Titled-Tuesday-Blitz-June-18-2024"]
[Site "Chess.com"]
[Date "2024.06.18"]
[Round "10"]
[White "bazar-wokzal"]
[Black "Zampronha1971"]
[Result "0-1"]
[WhiteElo "2585"]
[BlackElo "2437"]
[TimeControl "180+1"]
[EndTime "15:53:41 PDT"]
[Termination "Zampronha1971 won by resignation"]

1. e4 c5 2. c3 Nf6 3. e5 Nd5 4. d4 cxd4 5. cxd4 e6 6. Nc3 Nxc3 7. bxc3 Qc7 8. Bd2 b6 9. f4 Bb7 10. Nf3 Be7 11. Bd3 d6 12. O-O Nd7 13. f5 exf5 14.
Bxf5 dxe5 15. Bxd7+ Qxd7 16. Nxe5 Qd5 17. Qg4 O-O 18. Bh6 Qxg2+ 19. Qxg2 Bxg2 20. Kxg2 gxh6 21. Rf5 Rac8 22. c4 Bd6 23. Rc1 Bxe5 24. Rxe5 Rfe8 25.
Rxe8+ Rxe8 26. Kf3 Kf8 27. c5 bxc5 28. dxc5 Ke7 29. Rc2 Kd7 30. Kf4 Kc6 31. Kf5 Re6 32. h4 a5 33. h5 a4 34. a3 Kc7 35. c6 Re3 36. Kf6 Rxa3 37. Kg7 Rh3 38. Kxh6 a3 39. Kxh7 Rxh5+ 40. Kg7 Ra5 0-1

[Event "Late-Titled-Tuesday-Blitz-June-18-2024"]
[Site "Chess.com"]
[Date "2024.06.18"]
[Round "10"]
[White "gabduschew"]
[Black "betta2004"]
[Result "0-1"]
[WhiteElo "2366"]
[BlackElo "2485"]
[TimeControl "180+1"]
[EndTime "15:53:45 PDT"]
[Termination "betta2004 won by resignation"]

1. e4 e6 2. d3 d5 3. Nd2 g6 4. Ngf3 Bg7 5. g3 Ne7 6. Bg2 O-O 7. O-O c5 8. Qe2 Nbc6 9. c3 b6 10.
e5 f6 11. exf6 Bxf6 12. Re1 Qd6 13. h4 a5 14. Nf1 Bg7 15. Ne3 Nf5 16. Ng4 Bd7 17.
Bf4 Qe7 18. Nge5 Nxe5 19. Nxe5 Rae8 20. Rad1 Nxh4 21. d4 Nxg2 22. Kxg2 Rf5 23. Qe3 g5 24.
Bxg5 Rxg5 25. Nxd7 cxd4 26. cxd4 Rf5 27. Qg5 Rxg5 28.
Ne5 Bxe5 29. Rxe5 Rxe5 30. dxe5 Rc8 31. Rd4 Rc2 32. Rg4+ Kf7 33. Kh3 Rxf2 34. Rf4+ Rxf4 0-1

[Event "Late-Titled-Tuesday-Blitz-June-18-2024"]
[Site "Chess.com"]
[Date "2024.06.18"]
[Round "10"]
[White "Commando_Droid"]
[Black "Rhinos1"]
[Result "1-0"]
[WhiteElo "2698"]
[BlackElo "2046"]
[TimeControl "180+1"]
[EndTime "15:53:49 PDT"]
[Termination "Commando_Droid won by checkmate"]

1. d4 Nf6 2. c4 g6 3. Nc3 Bg7 4. e4 O-O 5. f3 d6 6. Be3 c6 7. Qd2 Nbd7 8. Bd3 a5 9. Nge2 e5 10.
d5 Nh5 11. O-O Nc5 12. Bc2 f5 13. exf5 Bxf5 14. Rad1 Bxc2 15. Qxc2 Nf4 16. dxc6 Ncd3 17. cxb7 Rb8 18. Rxd3 Nxd3 19. Qxd3 Rxb7 20. Qd5+ Rbf7 21. Ne4 Kh8 22. Ng5 Rf5 23. Ne6 Qh4 24. Nxf8 Bxf8 25. Ng3 Rf6 26. Ne4 Rf5 27. g4 Bh6 28. Bxh6 Qxh6 29. gxf5 gxf5 30. Nxd6 Kg7 31. Qf7+ Kh8 32. Qe8+ Kg7 33. Nxf5+ Kf6 34. Nxh6 e4 35. fxe4+ Kg5 36. Rf5+ Kh4 37. Qh5# 1-0

[Event "Late-Titled-Tuesday-Blitz-June-18-2024"]
[Site "Chess.com"]
[Date "2024.06.18"]
[Round "10"]
[White "OIAM03"]
[Black "probablybad04"]
[Result "0-1"]
[WhiteElo "2013"]
[BlackElo "2451"]
[TimeControl "180+1"]
[EndTime "15:53:51 PDT"]
[Termination "probablybad04 won on time"]

1. e4 e5 2. Nf3 Nc6 3. d4 exd4 4. Nxd4 Bb4+ 5. c3 Bc5 6. Be3 Bb6 7. Bc4 Nf6 8. Nd2 d6 9. O-O O-O 10. h3 Re8 11. Bd3 d5 12. Nxc6 bxc6 13. Bxb6 axb6 14. Re1 Qd6 15. c4 d4 16. Nf3 Nd7 17. Bc2 c5 18. e5 Nxe5 19. Nxe5 Rxe5 20. Qd3 Bf5 0-1

[Event "Late-Titled-Tuesday-Blitz-June-18-2024"]
[Site "Chess.com"]
[Date "2024.06.18"]
[Round "10"]
[White "Zhigalko_Sergei"]
[Black "Crazy_girl99"]
[Result "1-0"]
[WhiteElo "2977"]
[BlackElo "2658"]
[TimeControl "180+1"]
[EndTime "15:53:53 PDT"]
[Termination "Zhigalko_Sergei won by resignation"]

1. e4 e5 2. Nf3 Nc6 3. Bc4 Bc5 4.
b4 Bxb4 5. c3 Ba5 6. d4 d6 7.
Qb3 Qd7 8. O-O Bb6 9. Nbd2 Nf6 10. dxe5 Nxe5 11. Nxe5 dxe5 12. Ba3 a5 13. Nf3 a4 14. Qb2 Ra5 15. Bb4 Nxe4 16. Rae1 f5 17. Bxa5 Bxa5 18. Nxe5 Qe7 19. Qb5+ Kf8 20. Qxa5 g6 21. Bd3 b6 22.
Qa8 Kg7 23. Bxe4 fxe4 24. Qxe4 Bf5 25. Qxa4 Qc5 26. Qd4 Qxd4 27. cxd4 Ra8 28. Rc1 Rxa2 29. Rxc7+ Kh6 30. h3 1-0

[Event "Late-Titled-Tuesday-Blitz-June-18-2024"]
[Site "Chess.com"]
[Date "2024.06.18"]
[Round "10"]
[White "hoshiboshi"]
[Black "Jahonas"]
[Result "0-1"]
[WhiteElo "2267"]
[BlackElo "2410"]
[TimeControl "180+1"]
[EndTime "15:53:53 PDT"]
[Termination "Jahonas won by resignation"]

1. e4 c6 2. d4 d5 3. e5 e6 4. Nf3 c5 5. c3 Nc6 6. Be2 Qb6 7. O-O Nge7 8. Na3 cxd4 9. cxd4 Nf5 10. Nc2 h5 11.
Bd3 g6 12. b4 a5 13. b5 Nb4 14. Nxb4 axb4 15. Be3 Bd7 16. Qe2 Be7 17. h3 Ra3 18. Rfb1 Qa5 19. Bc1 Rc3 20. Bb2 Rc8 21. Qd2 Bxb5 22. a3 Bxd3 23. Qxd3 Qa6 24. axb4 Qxd3 0-1

[Event "Late-Titled-Tuesday-Blitz-June-18-2024"]
[Site "Chess.com"]
[Date "2024.06.18"]
[Round "10"]
[White "simaopdias"]
[Black "enriquebutti"]
[Result "0-1"]
[WhiteElo "2196"]
[BlackElo "2119"]
[TimeControl "180+1"]
[EndTime "15:53:56 PDT"]
[Termination "enriquebutti won by checkmate"]

1. e4 c5 2. Nf3 d6 3. d4 cxd4 4. Nxd4 Nf6 5. Nc3 a6 6. Bg5 e6 7. f4 Nbd7 8. Qf3 Qc7 9. O-O-O b5 10. g4 b4 11. Nce2 Bb7 12. Ng3 Rc8 13. Bd3 Be7 14.
Rhe1 Nc5 15. Kb1 O-O 16. Nb3 Na4 17. Bxf6 Bxf6 18. Qe3 Nxb2 19. e5 dxe5 20. fxe5 Nxd1 21. Qf4 Nc3+ 22. Ka1 Be7 23. Nh5 Bd5 24. Nf6+ Bxf6 25. g5 Bxe5 26. Rxe5 Bxb3 27. Qh4 g6 28.
Re3 Qa5 29. Kb2 Qxa2+ 30. Kc1 Qb1+ 31. Kd2 Qd1# 0-1

[Event "Late-Titled-Tuesday-Blitz-June-18-2024"]
[Site "Chess.com"]
[Date "2024.06.18"]
[Round "10"]
[White "romulocardoso"]
[Black "unkiyto"]
[Result "0-1"]
[WhiteElo "2306"]
[BlackElo "2586"]
[TimeControl "180+1"]
[EndTime "15:53:58 PDT"]
[Termination "unkiyto won by resignation"]

1. e4 c5 2. Nf3 d6 3. d4 cxd4 4. Nxd4 Nf6 5. Nc3 a6 6. f3 e5 7.
Nb3 Be6 8. Be3 h5 9. Qd2 Nbd7 10. O-O-O Rc8 11. Kb1 Be7 12. Be2 b5 13. a3 Nb6 14.
f4 Qc7 15. f5 Bc4 16. Bg5 Na4 17. Bxf6 Nxc3+ 18. Qxc3 Bxe2 19. Bxe7 Qxc3 20. bxc3 Kxe7 21. Rd2 Bc4 22. Na5 Rc7 23. Rhd1 Rd8 24. h3 h4 25. Rg1 f6 26. g3 Bf7 27. gxh4 Rxc3 28. Rxg7 Kf8 29.
Rh7 Kg8 30. Nb7 Rd7 31. Rxf7 Kxf7 32. Nxd6+ Ke7 33. Nc4 Rxc4 0-1

[Event "Late-Titled-Tuesday-Blitz-June-18-2024"]
[Site "Chess.com"]
[Date "2024.06.18"]
[Round "10"]
[White "NovakRatko"]
[Black "cristiano78"]
[Result "1-0"]
[WhiteElo "2411"]
[BlackElo "2242"]
[TimeControl "180+1"]
[EndTime "15:54:07 PDT"]
[Termination "NovakRatko won by resignation"]

1. d4 Nf6 2. c4 g6 3. Nc3 Bg7 4. e4 d6 5. f3 O-O 6. Be3 Nc6 7.
Qd2 a6 8. d5 Ne5 9. h3 c5 10.
f4 Ned7 11. g4 h5 12. Be2 Rb8 13. gxh5 gxh5 14. Nf3 e5 15. dxe6 fxe6 16. Qxd6 Qe8 17. Rg1 Kh8 18. e5 Nh7 19. O-O-O b5 20. cxb5 axb5 21. Bxb5 Rb6 22. Qd2 Qe7 23. Bxd7 Rd8 24. Bxc8 Rxd2 25. Rxd2 Qc7 26. Rd7 Qxc8 27. Rgxg7 Nf8 28.
Rc7 Qb8 29. Bxc5 Rxb2 30. Bxf8 Rf2 31. Rh7+ Kg8 32. Rcg7+ Kxf8 33. Rh8+ Kxg7 34. Rxb8 Rxf3 35. Kc2 Rxf4 36. a4 Rf3 37. a5 Rxh3 38. a6 Rh1 39.
a7 Ra1 40. a8=Q Rxa8 41. Rxa8 Kg6 42. Kd3 Kf5 43. Kd4 h4 44. Rh8 Kg4 45. Ne4 1-0

[Event "Late-Titled-Tuesday-Blitz-June-18-2024"]
[Site "Chess.com"]
[Date "2024.06.18"]
[Round "10"]
[White "Bauman_Guy"]
[Black "HansOnTwitch"]
[Result "1-0"]
[WhiteElo "2946"]
[BlackElo "3126"]
[TimeControl "180+1"]
[EndTime "15:54:10 PDT"]
[Termination "Bauman_Guy won by resignation"]

1. e4 c5 2. Nf3 d6 3. d4 cxd4 4.
Nxd4 Nf6 5. Nc3 a6 6. h3 e5 7. Nde2 h5 8. Bg5 Be6 9. Nc1 Nbd7 10.
Be2 Be7 11. Nb3 b5 12. a4 b4 13. Nd5 Nxd5 14. exd5 Bf5 15. Bxe7 Qxe7 16. Na5 Qg5 17. g3 h4 18. g4 Bg6 19. Nc6 Nf6 20. Nxb4 O-O 21.
Nc6 Rfe8 22. c4 e4 23. O-O Qf4 24. Qd4 Nh7 25. Qe3 Qf6 26. b4 Ng5 27. b5 axb5 28. cxb5 Nf3+ 29. Bxf3 exf3 30. Qd4 Qg5 31. Rfe1 f5 32. b6 Bh5 33. Kh2 fxg4 34. hxg4 Bxg4 35. Rg1 Re2 36. Rxg4 Rxf2+ 37. Kh1 1-0

[Event "Late-Titled-Tuesday-Blitz-June-18-2024"]
[Site "Chess.com"]
[Date "2024.06.18"]
[Round "10"]
[White "rhungaski"]
[Black "monomita"]
[Result "0-1"]
[WhiteElo "2610"]
[BlackElo "2763"]
[TimeControl "180+1"]
[EndTime "15:54:20 PDT"]
[Termination "monomita won by resignation"]

1. e4 e6 2. d4 d5 3. Nc3 Nf6 4. e5 Nfd7 5. Nce2 c5 6. c3 Nc6 7. Nf3 Qb6 8. a3 f6 9. Nf4 cxd4 10. cxd4 fxe5 11. dxe5 Ndxe5 12. Ng5 Bc5 13. Qh5+ g6 14. Qh4 Nd4 15. Bd3 Nxd3+ 16. Nxd3 Nc2+ 17. Ke2 Nxa1 18. b4 Bd4 19. Be3 Bxe3 20. fxe3 Nc2 21. Nc5 Bd7 22.
Kd2 Nxa3 23. Qd4 O-O-O 24. Rc1 Nc4+ 25. Rxc4 dxc4 26. Kc3 a5 27. bxa5 Qxa5+ 28. Kxc4 Bb5+ 29. Kb3 Rxd4 30. exd4 Rd8 0-1

[Event "Late-Titled-Tuesday-Blitz-June-18-2024"]
[Site "Chess.com"]
[Date "2024.06.18"]
[Round "10"]
[White "pirulillo"]
[Black "Patricius007"]
[Result "1-0"]
[WhiteElo "2426"]
[BlackElo "2535"]
[TimeControl "180+1"]
[EndTime "15:54:24 PDT"]
[Termination "pirulillo won by resignation"]

1. e4 c5 2. Nf3 g6 3. d4 Bg7 4.
d5 d6 5. c4 Nd7 6. Bd3 Ngf6 7. Nc3 O-O 8. O-O a6 9. a4 Ng4 10. Bd2 Nde5 11. Be2 Nxf3+ 12. Bxf3 Ne5 13. Be2 e6 14. f4 Nd7 15. dxe6 fxe6 16. Be3 Qe7 17.
Qd2 Nf6 18. Rad1 Ne8 19. Bf3 Bd7 20. e5 dxe5 21. Qxd7 Qh4 22. Qxe6+ Kh8 23. g3 Qh6 24.
Nd5 exf4 25. Nxf4 Nf6 26. Nd5 g5 27. Nxf6 Rxf6 28. Qg4 Qg6 29. Bxc5 Qc2 30. Bd4 Rf7 31. Bd5 Rxf1+ 32. Rxf1 1-0

[Event "Late-Titled-Tuesday-Blitz-June-18-2024"]
[Site "Chess.com"]
[Date "2024.06.18"]
[Round "10"]
[White "Romkachess"]
[Black "Kaustubh_Kodihalli"]
[Result "1-0"]
[WhiteElo "2497"]
[BlackElo "2379"]
[TimeControl "180+1"]
[EndTime "15:54:24 PDT"]
[Termination "Romkachess won by resignation"]

1. e4 c5 2. Nf3 Nc6 3. Bb5 Nd4 4. Nxd4 cxd4 5. O-O g6 6. d3 Bg7 7. f4 Nh6 8. Nd2 f5 9. Bc4 e6 10. Nf3 O-O 11. Bd2 Nf7 12. a4 b6 13. Qe2 Bb7 14.
Bb4 Re8 15. Rae1 d5 16. exd5 Bxd5 17. Bb5 Re7 18. Bxe7 Qxe7 19. Ng5 Nxg5 20. fxg5 Qxg5 21. Bc4 Bxc4 22. dxc4 e5 23. c5 bxc5 24. Qc4+ Kh8 25. Qxc5 Qf6 26. a5 e4 27. Rxe4 d3 28. cxd3 Qxb2 29.
Rc4 Rd8 30. Kh1 Qe2 31. Rfc1 Re8 32. Qxa7 Qe1+ 33. Rxe1 1-0